Jets vs Flyers

Created - Tuesday, March 29, 2016 at 02:59

Goals
1 2 3 T
Jets 0 1 0 1
Flyers 2 3 0 5
Shots
1 2 3 T
Jets 7 16 6 29
Flyers 16 9 4 29

1st period

1. Flyers , Taylor Hall 28 (Mark Giordano, Bryan Little) at 8:27
2. Flyers , Kyle Okposo 33 (Taylor Hall, Mark Giordano) at 11:55

Penalties :
Ryan Getzlaf (Wpg) for High sticking (Minor) at 3:46, Gabriel Landeskog (Phi) for Hooking (Minor) at 13:20, Wayne Simmonds (Wpg) for Hooking (Minor) at 16:15

2nd period

3. Jets , Filip Forsberg 20 (Ryan Getzlaf, Blake Wheeler) at 1:35
4. Flyers , Kyle Okposo 34 (Taylor Hall, Mark Giordano) at 12:43
5. Flyers , Jakub Voracek 32 (Evgeni Malkin) at 16:25
6. Flyers , P.K. Subban 15 (Jakub Voracek, Evgeni Malkin) at 19:04 (PP)

Penalties :
Erik Johnson (Wpg) for Elbowing (Minor) at 9:35, Evgeni Malkin (Phi) for Hooking (Minor) at 13:34, Ryan Getzlaf (Wpg) for Holding (Minor) at 17:42, Gabriel Landeskog (Phi) for Roughing (Minor) at 19:24

3rd period

No Goal

Penalties :
No Penalty

Goalie Stats

Jake Allen (Wpg), 24 saves from 29 shots - (0.828), L, 9-12-1, 60:00 minutes
Corey Crawford (Phi), 28 saves from 29 shots - (0.966), W, 45-17-2, 60:00 minutes

Players Stats for Jets

Player Name              G  A  P  +/- PIM S  H  SB GA TA FO     MP     PP MP  PK MP  
------------------------------------------------------------------------------------
Alex Ovechkin            0  0  0  -2  0   3  2  0  1  1  0/0    22:16   3:29   2:00 
Blake Wheeler            0  1  1  -1  0   2  0  0  1  1  1/1    17:09   2:28   0:00 
Brad Stuart              0  0  0  -1  0   1  2  1  0  0  0/0    16:53   0:00   4:39 
Claude Giroux            0  0  0   0  0   4  1  0  2  0  1/5    15:20   0:00   2:06 
Erik Johnson             0  0  0   0  2   3  0  0  0  2  0/0    23:51   3:08   2:40 
Filip Forsberg           1  0  1  -1  0   4  1  0  4  0  0/1    17:20   2:28   0:00 
Jake Muzzin              0  0  0  -1  0   2  1  0  0  0  0/0    15:07   0:00   0:00 
Jarret Stoll             0  0  0  -1  0   2  0  0  0  2  8/11   12:50   0:00   5:13 
John Carlson             0  0  0  -2  0   0  3  1  1  1  0/0    23:07   2:49   3:25 
John Tavares             0  0  0  -1  0   0  1  0  0  0  13/19  15:55   3:29   0:00 
Jussi Jokinen            0  0  0   0  0   0  0  0  0  2  0/0    18:38   0:00   5:19 
Marc Staal               0  0  0   0  0   0  0  0  0  0  0/0     0:00   0:00   0:00 
Oliver Ekman-Larsson     0  0  0   0  0   0  3  2  0  3  0/0    21:46   3:08   3:54 
Patrick Kane             0  0  0  -1  0   3  0  0  7  0  0/1    15:26   3:29   0:00 
Patrik Elias             0  0  0  -1  0   0  0  0  0  1  0/0     8:12   0:00   0:00 
Ryan Getzlaf             0  1  1  -1  4   2  1  0  1  0  6/11   16:35   2:28   0:00 
Victor Hedman            0  0  0  -2  0   0  0  4  0  0  0/0    19:16   2:49   0:00 
Wayne Simmonds           0  0  0   0  2   3  0  0  0  0  0/2    12:56   0:00   0:00 

Players Stats for Flyers

Player Name              G  A  P  +/- PIM S  H  SB GA TA FO     MP     PP MP  PK MP  
------------------------------------------------------------------------------------
Adam Lowry               0  0  0   0  0   0  3  0  0  0  0/1    11:00   0:00   1:24 
Barret Jackman           0  0  0   0  0   3  1  1  0  0  0/0    15:46   0:00   2:04 
Bryan Little             0  1  1   2  0   0  1  1  0  1  8/22   21:08   3:34   4:52 
Chris Kreider            0  0  0   0  0   1  1  1  1  0  0/0    10:24   0:00   0:00 
Corey Perry              0  0  0   1  0   2  3  0  0  0  0/0    18:04   3:45   0:00 
Evgeni Malkin            0  2  2   1  2   2  2  0  5  0  5/11   18:45   3:45   0:00 
Gabriel Landeskog        0  0  0   0  4   2  0  0  2  0  0/0    12:24   0:00   1:26 
Jakub Voracek            1  1  2   1  0   2  1  0  2  0  0/0    18:04   3:45   0:00 
Jay McClement            0  0  0   0  0   0  0  1  0  0  4/9    10:43   0:00   0:19 
Justin Faulk             0  0  0   1  0   2  2  0  1  3  0/0    19:36   3:54   0:00 
Kyle Okposo              2  0  2   2  0   3  0  0  4  0  0/1    15:59   3:34   0:00 
Mark Giordano            0  3  3   2  0   3  0  2  0  1  0/0    24:38   3:25   3:53 
Nate Thompson            0  0  0   0  0   2  2  0  0  0  5/6     8:18   0:00   0:00 
Niklas Kronwall          0  0  0   1  0   1  1  1  0  0  0/0    23:09   3:54   2:04 
P.K. Subban              1  0  1   2  0   3  0  3  0  3  0/0    24:38   3:25   3:53 
Riley Nash               0  0  0   0  0   1  0  0  1  0  0/1    12:21   0:00   3:21 
Slava Voynov             0  0  0   0  0   0  1  0  1  1  0/0    12:13   0:00   0:00 
Taylor Hall              1  2  3   2  0   2  1  0  3  0  0/0    16:50   3:34   0:32 

3 Stars

1 - Taylor Hall (Phi)
2 - Kyle Okposo (Phi)
3 - Mark Giordano (Phi)

Power Play

Jets - 0 on 3 Attempt(s) - 0.00%
Flyers - 1 on 4 Attempt(s) - 25.00%

Penalty Kill

Jets - 3 on 4 Attempt(s) - 75.00% - Score 0 goal in Penalty Kill
Flyers - 3 on 3 Attempt(s) - 100.00% - Score 0 goal in Penalty Kill

Team Stat

Jets - Hits : 15 - Faceoff Wins : 29 - Blocked Shots : 8 - Penalty Minutes : 8
Flyers - Hits : 19 - Faceoff Wins : 22 - Blocked Shots : 10 - Penalty Minutes : 6

Official

Referees : Unknown
Linesman : Unknown

Game Notes

No Game Note

Finance

Level 1 -- Attendance: 6000 (100.00%) -- Ticket Income $486,000
Level 2 -- Attendance: 4672 (93.44%) -- Ticket Income $242,944
Level 3 -- Attendance: 1763 (88.15%) -- Ticket Income $52,890
Level 4 -- Attendance: 3552 (88.80%) -- Ticket Income $63,936
Luxury Box -- Attendance: 1000 (100.00%) -- Ticket Income $178,000
Game was played at the Wachovia Center.
Total Attendance: 16987 (94.37%)
Total Ticket Income: $1,023,770
Other Income: $501,647
Total Income: $1,525,417

Jets

5 vs 5 Forward 
   Center                   Left Wing                Right Wing               Time % Phy DF OF 
 1 John Tavares             Alex Ovechkin            Patrick Kane             31     0   2  3  
 2 Ryan Getzlaf             Filip Forsberg           Blake Wheeler            28     0   2  3  
 3 Claude Giroux            Jussi Jokinen            Wayne Simmonds           24     1   2  2  
 4 Jarret Stoll             Patrik Elias             Alex Ovechkin            17     1   2  2  

5 vs 5 Defense 
   Defense                  Defense                                           Time % Phy DF OF 
 1 Victor Hedman            John Carlson                                      35     1   2  2  
 2 Oliver Ekman-Larsson     Erik Johnson                                      30     1   2  2  
 3 Jake Muzzin              Brad Stuart                                       22     1   2  2  
 4 Jake Muzzin              Erik Johnson                                      13     1   2  2  

PowerPlay Forward 
   Center                   Left Wing                Right Wing               Time % Phy DF OF 
 1 John Tavares             Alex Ovechkin            Patrick Kane             60     1   2  2  
 2 Ryan Getzlaf             Filip Forsberg           Blake Wheeler            40     1   2  2  

PowerPlay Defense
   Defense                  Defense                                           Time % Phy DF OF 
 1 Oliver Ekman-Larsson     Erik Johnson                                      60     1   2  2  
 2 Victor Hedman            John Carlson                                      40     1   2  2  

Penalty Kill 4 Players Forward 
   Center                   Wing                     Time % Phy DF OF 
 1 Jarret Stoll             Jussi Jokinen            60     1   2  2  
 2 Claude Giroux            Alex Ovechkin            40     1   2  2  

Penalty Kill 4 Players Defense
   Defense                  Defense                  Time % Phy DF OF 
 1 Brad Stuart              John Carlson             60     1   2  2  
 2 Oliver Ekman-Larsson     Erik Johnson             40     1   2  2  

Penalty Kill - 3 Players Forward 
   Forward                                           Time % Phy DF OF 
 1 Jarret Stoll                                      60     1   2  2  
 2 Claude Giroux                                     40     1   2  2  

Penalty Kill - 3 Players Defense
   Defense                  Defense                  Time % Phy DF OF 
 1 Brad Stuart              John Carlson             60     1   2  2  
 2 Oliver Ekman-Larsson     Erik Johnson             40     1   2  2  

4 vs 4 Forward 
   Center                   Wing                     Time % Phy DF OF 
 1 John Tavares             Alex Ovechkin            60     1   2  2  
 2 Ryan Getzlaf             Patrick Kane             40     1   2  2  

4 vs 4 Defense
   Defense                  Defense                  Time % Phy DF OF 
 1 John Carlson             Erik Johnson             60     1   2  2  
 2 Oliver Ekman-Larsson     Jake Muzzin              40     1   2  2  

Last Minutes Offensive
   Center                   Left Wing                Right Wing               Defense                  Defense                  
   Ryan Getzlaf             Alex Ovechkin            Blake Wheeler            John Carlson             Erik Johnson             

Last Minutes Defensive
   Center                   Left Wing                Right Wing               Defense                  Defense                  
   Ryan Getzlaf             Alex Ovechkin            Blake Wheeler            John Carlson             Erik Johnson             

Goaltenders
Starting : Jake Allen               
Backup : Jonathan Quick           

Extra Forwards
Normal : John Tavares, Patrik Elias, Jussi Jokinen - PP : John Tavares, Patrik Elias - PK : Jussi Jokinen
Extra Defensemen
Normal : Jake Muzzin, Erik Johnson, Oliver Ekman-Larsson - PP : Jake Muzzin - PK : Erik Johnson, Oliver Ekman-Larsson
Penalty Shots
Alex Ovechkin, Ryan Getzlaf, Claude Giroux, Blake Wheeler, Jussi Jokinen

Flyers

5 vs 5 Forward 
   Center                   Left Wing                Right Wing               Time % Phy DF OF 
 1 Evgeni Malkin            Jakub Voracek            Corey Perry              40     0   0  5  
 2 Bryan Little             Taylor Hall              Kyle Okposo              35     0   1  4  
 3 Jay McClement            Gabriel Landeskog        Chris Kreider            15     0   4  1  
 4 Nate Thompson            Adam Lowry               Riley Nash               10     0   4  1  

5 vs 5 Defense 
   Defense                  Defense                                           Time % Phy DF OF 
 1 P.K. Subban              Mark Giordano                                     35     0   1  4  
 2 Justin Faulk             Niklas Kronwall                                   35     0   2  3  
 3 Barret Jackman           Slava Voynov                                      20     0   2  3  
 4 P.K. Subban              Mark Giordano                                     10     0   3  2  

PowerPlay Forward 
   Center                   Left Wing                Right Wing               Time % Phy DF OF 
 1 Evgeni Malkin            Jakub Voracek            Corey Perry              60     0   0  5  
 2 Bryan Little             Taylor Hall              Kyle Okposo              40     0   0  5  

PowerPlay Defense
   Defense                  Defense                                           Time % Phy DF OF 
 1 P.K. Subban              Mark Giordano                                     60     0   1  4  
 2 Justin Faulk             Niklas Kronwall                                   40     0   1  4  

Penalty Kill 4 Players Forward 
   Center                   Wing                     Time % Phy DF OF 
 1 Bryan Little             Gabriel Landeskog        60     0   4  1  
 2 Jay McClement            Riley Nash               40     0   5  0  

Penalty Kill 4 Players Defense
   Defense                  Defense                  Time % Phy DF OF 
 1 P.K. Subban              Mark Giordano            60     0   4  1  
 2 Barret Jackman           Niklas Kronwall          40     0   5  0  

Penalty Kill - 3 Players Forward 
   Forward                                           Time % Phy DF OF 
 1 Bryan Little                                      60     0   5  0  
 2 Jay McClement                                     40     0   5  0  

Penalty Kill - 3 Players Defense
   Defense                  Defense                  Time % Phy DF OF 
 1 P.K. Subban              Mark Giordano            60     0   5  0  
 2 Barret Jackman           Niklas Kronwall          40     0   5  0  

4 vs 4 Forward 
   Center                   Wing                     Time % Phy DF OF 
 1 Evgeni Malkin            Taylor Hall              60     0   0  5  
 2 Bryan Little             Gabriel Landeskog        40     0   2  3  

4 vs 4 Defense
   Defense                  Defense                  Time % Phy DF OF 
 1 P.K. Subban              Mark Giordano            60     0   0  5  
 2 Justin Faulk             Niklas Kronwall          40     0   2  3  

Last Minutes Offensive
   Center                   Left Wing                Right Wing               Defense                  Defense                  
   Evgeni Malkin            Jakub Voracek            Corey Perry              P.K. Subban              Mark Giordano            

Last Minutes Defensive
   Center                   Left Wing                Right Wing               Defense                  Defense                  
   Bryan Little             Gabriel Landeskog        Corey Perry              P.K. Subban              Mark Giordano            

Goaltenders
Starting : Corey Crawford           
Backup : Darcy Kuemper            

Extra Forwards
Normal : Gabriel Landeskog, Chris Kreider, Riley Nash - PP : Gabriel Landeskog, Chris Kreider - PK : Riley Nash
Extra Defensemen
Normal : Slava Voynov, Barret Jackman, Niklas Kronwall - PP : Slava Voynov - PK : Justin Faulk, Slava Voynov
Penalty Shots
Corey Perry, Evgeni Malkin, Kyle Okposo, Jakub Voracek, Bryan Little

% Time on Ice - Jets

Lines # - Real PCT - Wanted PCT - Time Play
Normal Forward
1 - 26% - 31% - 12:10
2 - 30% - 28% - 14:13
3 - 27% - 24% - 12:44
4 - 16% - 17% - 7:37
Normal Defense
1 - 35% - 35% - 16:19
2 - 33% - 30% - 15:18
3 - 25% - 22% - 11:47
4 - 7% - 13% - 3:20
PP Forward
1 - 59% - 60% - 3:29
2 - 41% - 40% - 2:28
PP Defense
1 - 53% - 60% - 3:08
2 - 47% - 40% - 2:49
PK Forward
1 - 73% - 60% - 5:19
2 - 27% - 40% - 2:00
PK Defense
1 - 47% - 60% - 3:25
2 - 53% - 40% - 3:54
PK3 Forward
1 - 0% - 60%
2 - 0% - 40%
PK3 Defense
1 - 0% - 60%
2 - 0% - 40%
44 Forward
1 - 0% - 60%
2 - 0% - 40%
44 Defense
1 - 0% - 60%
2 - 0% - 40%
Last Minute Offensive  - 0:00
Last Minute Defensive  - 0:00
Total
Forward - 60:00
Defense - 60:00

% Time on Ice - Flyers

Lines # - Real PCT - Wanted PCT - Time Play
Normal Forward
1 - 33% - 40% - 15:37
2 - 27% - 35% - 12:25
3 - 22% - 15% - 10:24
4 - 18% - 10% - 8:18
Normal Defense
1 - 32% - 35% - 15:04
2 - 37% - 35% - 17:11
3 - 26% - 20% - 12:13
4 - 5% - 10% - 2:16
PP Forward
1 - 51% - 60% - 3:45
2 - 49% - 40% - 3:34
PP Defense
1 - 47% - 60% - 3:25
2 - 53% - 40% - 3:54
PK Forward
1 - 95% - 60% - 5:38
2 - 5% - 40% - 0:19
PK Defense
1 - 65% - 60% - 3:53
2 - 35% - 40% - 2:04
PK3 Forward
1 - 0% - 60%
2 - 0% - 40%
PK3 Defense
1 - 0% - 60%
2 - 0% - 40%
44 Forward
1 - 0% - 60%
2 - 0% - 40%
44 Defense
1 - 0% - 60%
2 - 0% - 40%
Last Minute Offensive  - 0:00
Last Minute Defensive  - 0:00
Total
Forward - 60:00
Defense - 60:00

Play by Play

1st period


0:01 of 1st period - Evgeni Malkin wins face-off versus John Tavares in neutral zone.
0:52 of 1st period - Ryan Getzlaf is hit by Taylor Hall and loses puck.
1:03 of 1st period - Wrist shot by Blake Wheeler.
1:03 of 1st period - Shot Misses the Net.
1:39 of 1st period - Wrist shot by Claude Giroux.
1:39 of 1st period - Deflect By Wayne Simmonds.
1:39 of 1st period - Shot Blocked by Bryan Little.
1:39 of 1st period - Puck is out of play.
1:40 of 1st period - Jay McClement wins face-off versus Claude Giroux in Flyers zone.
2:09 of 1st period - Wrist shot by Chris Kreider.
2:09 of 1st period - Stopped by Jake Allen with a rebound.
2:11 of 1st period - Slapshot by Justin Faulk.
2:11 of 1st period - Stopped by Jake Allen with a rebound.
2:13 of 1st period - Wrist shot by Gabriel Landeskog.
2:13 of 1st period - Stopped by Jake Allen with a rebound.
2:15 of 1st period - Slapshot by Niklas Kronwall.
2:15 of 1st period - Shot Misses the Net.
2:17 of 1st period - Wrist shot by Gabriel Landeskog.
2:17 of 1st period - Stopped by Jake Allen with a rebound.
2:33 of 1st period - Jake Muzzin is hit by Adam Lowry and loses puck.
3:16 of 1st period - Backhand shot by Jakub Voracek.
3:16 of 1st period - Shot Misses the Net.
3:46 of 1st period - Minor Penalty to Ryan Getzlaf for High sticking.
3:47 of 1st period - Jarret Stoll wins face-off versus Bryan Little in Jets zone.
3:51 of 1st period - Off-side.
3:52 of 1st period - Jarret Stoll wins face-off versus Bryan Little in neutral zone.
4:01 of 1st period - Slapshot by Erik Johnson.
4:01 of 1st period - Deflect By Jarret Stoll.
4:01 of 1st period - Stopped by Corey Crawford with a rebound.
4:58 of 1st period - Off-side.
4:59 of 1st period - Evgeni Malkin wins face-off versus Jarret Stoll in neutral zone.
5:46 of 1st period - Penalty to Ryan Getzlaf is over, Ryan Getzlaf is back on ice.
5:46 of 1st period - Niklas Kronwall is hit by Brad Stuart and loses puck.
6:29 of 1st period - Slapshot by Barret Jackman.
6:29 of 1st period - Stopped by Jake Allen with a rebound.
6:42 of 1st period - Icing by Riley Nash.
6:43 of 1st period - Nate Thompson wins face-off versus John Tavares in Flyers zone.
7:24 of 1st period - Erik Johnson is hit by Nate Thompson and loses puck.
8:06 of 1st period - Snap shot by Jakub Voracek.
8:06 of 1st period - Stopped by Jake Allen without a rebound.
8:07 of 1st period - Ryan Getzlaf wins face-off versus Bryan Little in Jets zone.
8:17 of 1st period - Backhand shot by Kyle Okposo.
8:17 of 1st period - Stopped by Jake Allen with a rebound.
8:19 of 1st period - Slapshot by Mark Giordano.
8:19 of 1st period - Shot Blocked by John Carlson.
8:21 of 1st period - Backhand shot by Bryan Little.
8:21 of 1st period - Shot Blocked by Victor Hedman.
8:23 of 1st period - Wrist shot by Bryan Little.
8:23 of 1st period - Shot Misses the Net.
8:25 of 1st period - Snap shot by Mark Giordano.
8:25 of 1st period - Stopped by Jake Allen with a rebound.
8:27 of 1st period - Snap shot by Taylor Hall.
8:27 of 1st period - Goal by Taylor Hall - Jets : 0 - Flyers : 1.
8:28 of 1st period - John Tavares wins face-off versus Bryan Little in neutral zone.
9:39 of 1st period - Evgeni Malkin is hit by Ryan Getzlaf and loses puck.
9:54 of 1st period - Snap shot by Corey Perry.
9:54 of 1st period - Stopped by Jake Allen without a rebound.
9:55 of 1st period - Jarret Stoll wins face-off versus Jay McClement in Jets zone.
9:55 of 1st period - Jarret Stoll is hit by Slava Voynov.
10:19 of 1st period - Snap shot by Patrik Elias.
10:19 of 1st period - Shot Misses the Net.
10:21 of 1st period - Snap shot by Jake Muzzin.
10:21 of 1st period - Stopped by Corey Crawford with a rebound.
10:23 of 1st period - Wrist shot by Alex Ovechkin.
10:23 of 1st period - Stopped by Corey Crawford with a rebound.
10:25 of 1st period - Slapshot by Brad Stuart.
10:25 of 1st period - Deflect By Barret Jackman.
10:25 of 1st period - Stopped by Corey Crawford with a rebound.
10:47 of 1st period - Snap shot by Wayne Simmonds.
10:47 of 1st period - Shot Misses the Net.
10:49 of 1st period - Slapshot by Erik Johnson.
10:49 of 1st period - Stopped by Corey Crawford without a rebound.
10:50 of 1st period - Evgeni Malkin wins face-off versus Claude Giroux in Flyers zone.
11:55 of 1st period - Snap shot by Kyle Okposo.
11:55 of 1st period - Goal by Kyle Okposo - Jets : 0 - Flyers : 2.
11:56 of 1st period - John Tavares wins face-off versus Bryan Little in neutral zone.
12:11 of 1st period - Wrist shot by John Tavares.
12:11 of 1st period - Shot Blocked by Niklas Kronwall.
12:49 of 1st period - Claude Giroux is hit by Evgeni Malkin and loses puck.
13:09 of 1st period - Slapshot by Evgeni Malkin.
13:09 of 1st period - Stopped by Jake Allen with a rebound.
13:11 of 1st period - Slapshot by P.K. Subban.
13:11 of 1st period - Shot Blocked by Victor Hedman.
13:13 of 1st period - Snap shot by Mark Giordano.
13:13 of 1st period - Stopped by Jake Allen without a rebound.
13:14 of 1st period - Jay McClement wins face-off versus Ryan Getzlaf in Jets zone.
13:20 of 1st period - Minor Penalty to Gabriel Landeskog for Hooking.
13:21 of 1st period - Bryan Little wins face-off versus John Tavares in Flyers zone.
14:09 of 1st period - Wrist shot by Ryan Getzlaf.
14:09 of 1st period - Stopped by Corey Crawford without a rebound.
14:10 of 1st period - Ryan Getzlaf wins face-off versus Adam Lowry in Flyers zone.
15:20 of 1st period - Penalty to Gabriel Landeskog is over, Gabriel Landeskog is back on ice.
16:06 of 1st period - Slapshot by Jussi Jokinen.
16:06 of 1st period - Shot Misses the Net.
16:08 of 1st period - Slapshot by Erik Johnson.
16:08 of 1st period - Shot Blocked by P.K. Subban.
16:10 of 1st period - Snap shot by Jake Muzzin.
16:10 of 1st period - Stopped by Corey Crawford with a rebound.
16:15 of 1st period - Minor Penalty to Wayne Simmonds for Hooking.
16:16 of 1st period - Jarret Stoll wins face-off versus Evgeni Malkin in Jets zone.
17:01 of 1st period - Wrist shot by Kyle Okposo.
17:01 of 1st period - Shot Blocked by Oliver Ekman-Larsson.
18:02 of 1st period - Alex Ovechkin is hit by Corey Perry and loses puck.
18:15 of 1st period - Penalty to Wayne Simmonds is over, Wayne Simmonds is back on ice.
18:19 of 1st period - P.K. Subban is hit by Alex Ovechkin.
18:25 of 1st period - Snap shot by Taylor Hall.
18:25 of 1st period - Stopped by Jake Allen with a rebound.
18:27 of 1st period - Slapshot by Barret Jackman.
18:27 of 1st period - Stopped by Jake Allen without a rebound.
18:28 of 1st period - Blake Wheeler wins face-off versus Bryan Little in Jets zone.
19:28 of 1st period - Nate Thompson is hit by John Tavares.
19:32 of 1st period - Slapshot by Niklas Kronwall.
19:32 of 1st period - Stopped by Jake Allen without a rebound.
19:33 of 1st period - Nate Thompson wins face-off versus Claude Giroux in Jets zone.
Goals for this period are 0 for Jets vs 2 for Flyers.
Shots for this period are 7 for Jets vs 16 for Flyers.

2nd period


0:01 of 2nd period - John Tavares wins face-off versus Evgeni Malkin in neutral zone.
0:49 of 2nd period - Wrist shot by Taylor Hall.
0:49 of 2nd period - Shot Misses the Net.
1:35 of 2nd period - Snap shot by Filip Forsberg.
1:35 of 2nd period - Goal by Filip Forsberg - Jets : 1 - Flyers : 2.
1:36 of 2nd period - Evgeni Malkin wins face-off versus Wayne Simmonds in neutral zone.
2:01 of 2nd period - Wrist shot by Claude Giroux.
2:01 of 2nd period - Stopped by Corey Crawford without a rebound.
2:02 of 2nd period - Jay McClement wins face-off versus Ryan Getzlaf in Flyers zone.
2:17 of 2nd period - Jay McClement is hit by Filip Forsberg and loses puck.
3:05 of 2nd period - Bryan Little is hit by Oliver Ekman-Larsson and loses puck.
3:22 of 2nd period - Wrist shot by Kyle Okposo.
3:22 of 2nd period - Shot Misses the Net.
3:24 of 2nd period - Wrist shot by Justin Faulk.
3:24 of 2nd period - Shot Blocked by Victor Hedman.
4:13 of 2nd period - Evgeni Malkin is hit by Claude Giroux and loses puck.
5:02 of 2nd period - Snap shot by Mark Giordano.
5:02 of 2nd period - Stopped by Jake Allen with a rebound.
5:04 of 2nd period - Wrist shot by Nate Thompson.
5:04 of 2nd period - Stopped by Jake Allen with a rebound.
5:06 of 2nd period - Snap shot by Nate Thompson.
5:06 of 2nd period - Stopped by Jake Allen without a rebound.
5:07 of 2nd period - Nate Thompson wins face-off versus Ryan Getzlaf in Jets zone.
5:28 of 2nd period - Slapshot by P.K. Subban.
5:28 of 2nd period - Stopped by Jake Allen without a rebound.
5:29 of 2nd period - Bryan Little wins face-off versus Claude Giroux in Jets zone.
5:36 of 2nd period - Claude Giroux is hit by Bryan Little and loses puck.
5:56 of 2nd period - Off-side.
5:57 of 2nd period - John Tavares wins face-off versus Jay McClement in neutral zone.
6:18 of 2nd period - Snap shot by Gabriel Landeskog.
6:18 of 2nd period - Shot Misses the Net.
6:55 of 2nd period - Snap shot by Filip Forsberg.
6:55 of 2nd period - Shot Blocked by Chris Kreider.
6:57 of 2nd period - Slapshot by Brad Stuart.
6:57 of 2nd period - Shot Blocked by Jay McClement.
6:59 of 2nd period - Wrist shot by Ryan Getzlaf.
6:59 of 2nd period - Shot Misses the Net.
7:01 of 2nd period - Slapshot by Brad Stuart.
7:01 of 2nd period - Shot Misses the Net.
7:03 of 2nd period - Snap shot by Ryan Getzlaf.
7:03 of 2nd period - Shot Blocked by P.K. Subban.
7:05 of 2nd period - Slapshot by Jake Muzzin.
7:05 of 2nd period - Deflect By Filip Forsberg.
7:05 of 2nd period - Shot Hit the Post.
7:05 of 2nd period - Puck is out of play.
7:06 of 2nd period - Claude Giroux wins face-off versus Bryan Little in Flyers zone.
7:07 of 2nd period - Snap shot by Wayne Simmonds.
7:07 of 2nd period - Stopped by Corey Crawford with a rebound.
7:09 of 2nd period - Snap shot by Claude Giroux.
7:09 of 2nd period - Stopped by Corey Crawford with a rebound.
8:16 of 2nd period - John Carlson is hit by Corey Perry and loses puck.
9:02 of 2nd period - John Carlson is hit by Nate Thompson and loses puck.
9:07 of 2nd period - Wrist shot by Adam Lowry.
9:07 of 2nd period - Shot Hit the Post.
9:09 of 2nd period - Wrist shot by Riley Nash.
9:09 of 2nd period - Shot Misses the Net.
9:11 of 2nd period - Wrist shot by Nate Thompson.
9:11 of 2nd period - Shot Misses the Net.
9:13 of 2nd period - Snap shot by Mark Giordano.
9:13 of 2nd period - Shot Misses the Net.
9:30 of 2nd period - Slapshot by P.K. Subban.
9:30 of 2nd period - Stopped by Jake Allen with a rebound.
9:32 of 2nd period - Slapshot by Mark Giordano.
9:32 of 2nd period - Deflect By Taylor Hall.
9:32 of 2nd period - Shot Misses the Net.
9:32 of 2nd period - Puck is out of play.
9:33 of 2nd period - John Tavares wins face-off versus Bryan Little in Jets zone.
9:35 of 2nd period - Minor Penalty to Erik Johnson for Elbowing.
9:36 of 2nd period - Jarret Stoll wins face-off versus Evgeni Malkin in Jets zone.
9:48 of 2nd period - John Carlson is hit by Evgeni Malkin and loses puck.
9:53 of 2nd period - Snap shot by Jakub Voracek.
9:53 of 2nd period - Shot Misses the Net.
9:55 of 2nd period - Slapshot by Corey Perry.
9:55 of 2nd period - Stopped by Jake Allen without a rebound.
9:56 of 2nd period - Jarret Stoll wins face-off versus Evgeni Malkin in Jets zone.
10:20 of 2nd period - Backhand shot by Corey Perry.
10:20 of 2nd period - Deflect By Jakub Voracek.
10:20 of 2nd period - Shot Misses the Net.
10:20 of 2nd period - Puck is out of play.
10:21 of 2nd period - Jarret Stoll wins face-off versus Bryan Little in Jets zone.
11:13 of 2nd period - Mark Giordano is hit by Oliver Ekman-Larsson and loses puck.
11:35 of 2nd period - Penalty to Erik Johnson is over, Erik Johnson is back on ice.
11:38 of 2nd period - Snap shot by Alex Ovechkin.
11:38 of 2nd period - Stopped by Corey Crawford without a rebound.
11:39 of 2nd period - Ryan Getzlaf wins face-off versus Jay McClement in Flyers zone.
11:46 of 2nd period - Backhand shot by Ryan Getzlaf.
11:46 of 2nd period - Shot Misses the Net.
11:48 of 2nd period - Slapshot by Erik Johnson.
11:48 of 2nd period - Shot Misses the Net.
11:50 of 2nd period - Slapshot by Jake Muzzin.
11:50 of 2nd period - Deflect By Blake Wheeler.
11:50 of 2nd period - Stopped by Corey Crawford with a rebound.
11:52 of 2nd period - Snap shot by Ryan Getzlaf.
11:52 of 2nd period - Shot Blocked by Barret Jackman.
11:54 of 2nd period - Slapshot by Erik Johnson.
11:54 of 2nd period - Stopped by Corey Crawford with a rebound.
12:00 of 2nd period - Snap shot by Filip Forsberg.
12:00 of 2nd period - Stopped by Corey Crawford with a rebound.
12:05 of 2nd period - Icing by Jay McClement.
12:06 of 2nd period - John Tavares wins face-off versus Jay McClement in Flyers zone.
12:07 of 2nd period - Wrist shot by Patrick Kane.
12:07 of 2nd period - Stopped by Corey Crawford without a rebound.
12:08 of 2nd period - John Tavares wins face-off versus Bryan Little in Flyers zone.
12:25 of 2nd period - P.K. Subban is hit by Alex Ovechkin.
12:43 of 2nd period - Slapshot by Taylor Hall.
12:43 of 2nd period - Deflect By Kyle Okposo.
12:43 of 2nd period - Goal by Kyle Okposo - Jets : 1 - Flyers : 3.
12:44 of 2nd period - Ryan Getzlaf wins face-off versus Evgeni Malkin in neutral zone.
12:57 of 2nd period - Snap shot by Filip Forsberg.
12:57 of 2nd period - Stopped by Corey Crawford without a rebound.
12:58 of 2nd period - Ryan Getzlaf wins face-off versus Evgeni Malkin in Flyers zone.
13:34 of 2nd period - Minor Penalty to Evgeni Malkin for Hooking.
13:35 of 2nd period - Bryan Little wins face-off versus John Tavares in Flyers zone.
13:50 of 2nd period - Slapshot by Erik Johnson.
13:50 of 2nd period - Stopped by Corey Crawford with a rebound.
13:52 of 2nd period - Snap shot by Erik Johnson.
13:52 of 2nd period - Shot Blocked by Mark Giordano.
13:54 of 2nd period - Snap shot by Alex Ovechkin.
13:54 of 2nd period - Stopped by Corey Crawford with a rebound.
14:06 of 2nd period - Slapshot by Alex Ovechkin.
14:06 of 2nd period - Shot Blocked by P.K. Subban.
14:08 of 2nd period - Slapshot by Alex Ovechkin.
14:08 of 2nd period - Shot Misses the Net.
15:32 of 2nd period - Wrist shot by Patrick Kane.
15:32 of 2nd period - Stopped by Corey Crawford without a rebound.
15:33 of 2nd period - John Tavares wins face-off versus Riley Nash in Flyers zone.
15:34 of 2nd period - Penalty to Evgeni Malkin is over, Evgeni Malkin is back on ice.
16:15 of 2nd period - Snap shot by Claude Giroux.
16:15 of 2nd period - Stopped by Corey Crawford without a rebound.
16:16 of 2nd period - Evgeni Malkin wins face-off versus Jarret Stoll in Flyers zone.
16:25 of 2nd period - Slapshot by Jakub Voracek.
16:25 of 2nd period - Goal by Jakub Voracek - Jets : 1 - Flyers : 4.
16:26 of 2nd period - Bryan Little wins face-off versus Wayne Simmonds in neutral zone.
17:25 of 2nd period - Filip Forsberg is hit by Corey Perry and loses puck.
17:42 of 2nd period - Minor Penalty to Ryan Getzlaf for Holding.
17:43 of 2nd period - Jarret Stoll wins face-off versus Bryan Little in Jets zone.
18:05 of 2nd period - Snap shot by Bryan Little.
18:05 of 2nd period - Shot Blocked by Brad Stuart.
19:00 of 2nd period - Snap shot by Jakub Voracek.
19:00 of 2nd period - Shot Misses the Net.
19:02 of 2nd period - Wrist shot by Jakub Voracek.
19:02 of 2nd period - Shot Misses the Net.
19:04 of 2nd period - Slapshot by P.K. Subban.
19:04 of 2nd period - Goal by P.K. Subban - Jets : 1 - Flyers : 5.
19:05 of 2nd period - Jay McClement wins face-off versus John Tavares in neutral zone.
19:14 of 2nd period - Chris Kreider is hit by John Carlson and loses puck.
19:24 of 2nd period - Minor Penalty to Gabriel Landeskog for Roughing.
19:25 of 2nd period - John Tavares wins face-off versus Bryan Little in Flyers zone.
19:45 of 2nd period - Wrist shot by Patrick Kane.
19:45 of 2nd period - Stopped by Corey Crawford without a rebound.
19:46 of 2nd period - Bryan Little wins face-off versus Ryan Getzlaf in Flyers zone.
19:55 of 2nd period - Snap shot by Blake Wheeler.
19:55 of 2nd period - Stopped by Corey Crawford without a rebound.
19:56 of 2nd period - Bryan Little wins face-off versus Ryan Getzlaf in Flyers zone.
19:56 of 2nd period - Bryan Little is hit by Oliver Ekman-Larsson.
Goals for this period are 1 for Jets vs 3 for Flyers.
Shots for this period are 16 for Jets vs 9 for Flyers.

3rd period


0:01 of 3rd period - Bryan Little wins face-off versus Patrick Kane in neutral zone.
0:03 of 3rd period - Off-side.
0:04 of 3rd period - John Tavares wins face-off versus Bryan Little in neutral zone.
0:55 of 3rd period - Backhand shot by Filip Forsberg.
0:55 of 3rd period - Stopped by Corey Crawford with a rebound.
1:05 of 3rd period - Snap shot by Filip Forsberg.
1:05 of 3rd period - Deflect By Ryan Getzlaf.
1:05 of 3rd period - Stopped by Corey Crawford without a rebound.
1:06 of 3rd period - Bryan Little wins face-off versus Filip Forsberg in Flyers zone.
1:06 of 3rd period - Bryan Little is hit by John Carlson.
1:24 of 3rd period - Penalty to Gabriel Landeskog is over, Gabriel Landeskog is back on ice.
1:53 of 3rd period - Wrist shot by Claude Giroux.
1:53 of 3rd period - Stopped by Corey Crawford with a rebound.
1:55 of 3rd period - Snap shot by Wayne Simmonds.
1:55 of 3rd period - Shot Misses the Net.
1:57 of 3rd period - Wrist shot by Claude Giroux.
1:57 of 3rd period - Shot Misses the Net.
2:09 of 3rd period - Jussi Jokinen is hit by Barret Jackman and loses puck.
2:49 of 3rd period - Gabriel Landeskog is hit by Brad Stuart and loses puck.
4:21 of 3rd period - Snap shot by Wayne Simmonds.
4:21 of 3rd period - Stopped by Corey Crawford with a rebound.
4:27 of 3rd period - Jussi Jokinen is hit by Justin Faulk and loses puck.
4:38 of 3rd period - Barret Jackman is hit by John Carlson and loses puck.
8:57 of 3rd period - Brad Stuart is hit by Jakub Voracek and loses puck.
10:05 of 3rd period - Snap shot by Kyle Okposo.
10:05 of 3rd period - Shot Misses the Net.
11:35 of 3rd period - Wrist shot by Wayne Simmonds.
11:35 of 3rd period - Stopped by Corey Crawford with a rebound.
12:05 of 3rd period - Wrist shot by Adam Lowry.
12:05 of 3rd period - Deflect By Riley Nash.
12:05 of 3rd period - Shot Blocked by Oliver Ekman-Larsson.
12:05 of 3rd period - Puck is out of play.
12:06 of 3rd period - Nate Thompson wins face-off versus John Tavares in Jets zone.
13:23 of 3rd period - Patrick Kane is hit by Chris Kreider and loses puck.
13:35 of 3rd period - Gabriel Landeskog is hit by Jake Muzzin and loses puck.
13:58 of 3rd period - Slapshot by Justin Faulk.
13:58 of 3rd period - Shot Blocked by Victor Hedman.
14:04 of 3rd period - Slapshot by Justin Faulk.
14:04 of 3rd period - Shot Misses the Net.
14:20 of 3rd period - Blake Wheeler is hit by Justin Faulk and loses puck.
14:55 of 3rd period - Wrist shot by Claude Giroux.
14:55 of 3rd period - Shot Misses the Net.
15:13 of 3rd period - Icing by Riley Nash.
15:14 of 3rd period - John Tavares wins face-off versus Nate Thompson in Flyers zone.
15:44 of 3rd period - Wrist shot by Evgeni Malkin.
15:44 of 3rd period - Stopped by Jake Allen with a rebound.
16:01 of 3rd period - Off-side.
16:02 of 3rd period - Ryan Getzlaf wins face-off versus Bryan Little in neutral zone.
16:47 of 3rd period - Wayne Simmonds is hit by Adam Lowry and loses puck.
17:08 of 3rd period - Slapshot by Justin Faulk.
17:08 of 3rd period - Stopped by Jake Allen without a rebound.
17:09 of 3rd period - John Tavares wins face-off versus Jay McClement in Jets zone.
17:48 of 3rd period - Snap shot by Patrik Elias.
17:48 of 3rd period - Shot Misses the Net.
17:50 of 3rd period - Snap shot by Patrik Elias.
17:50 of 3rd period - Shot Blocked by Mark Giordano.
17:52 of 3rd period - Snap shot by Jarret Stoll.
17:52 of 3rd period - Stopped by Corey Crawford with a rebound.
18:41 of 3rd period - Off-side.
18:42 of 3rd period - John Tavares wins face-off versus Kyle Okposo in neutral zone.
19:19 of 3rd period - Wrist shot by Riley Nash.
19:19 of 3rd period - Stopped by Jake Allen with a rebound.
19:21 of 3rd period - Slapshot by Barret Jackman.
19:21 of 3rd period - Stopped by Jake Allen without a rebound.
19:22 of 3rd period - Nate Thompson wins face-off versus Jarret Stoll in Jets zone.
19:29 of 3rd period - Victor Hedman is hit by Niklas Kronwall and loses puck.
19:50 of 3rd period - John Carlson is hit by Adam Lowry and loses puck.
Goals for this period are 0 for Jets vs 0 for Flyers.
Shots for this period are 6 for Jets vs 4 for Flyers.